 Seeded DCSS version 0.27.1-3-gb3d3a73c9e (webtiles) character file.

Game seed: 20211021 (custom seed)

28 jessy the Chopper (level 3, 0/33 HPs)
             Began as a Hill Orc Berserker on Oct 21, 2021.
             Was a Follower of Trog.
             Slain by Sigmund (3 damage)
             ... on level 2 of the Dungeon.
             The game lasted 00:03:42 (848 turns).

jessy the Chopper (Hill Orc Berserker)               Turns: 848, Time: 00:03:42

Health: 0/33       AC:  6    Str: 20    XL:     3   Next: 12%
Magic:  3/3        EV: 11    Int:  7    God:    Trog [*.....]
Gold:   6          SH:  5    Dex: 10    Spells: 2/2 levels left

rFire    . . .     SeeInvis .   a - +0 hand axe
rCold    . . .     Faith    .   (no shield)
rNeg     . . .     Spirit   .   h - +0 ring mail
rPois    .         Reflect  +   (no helmet)
rElec    .         Harm     .   e - +0 cloak
rCorr    .         Rampage  .   (no gloves)
Will     .....                  (no boots)
Stlth    ..........             c - amulet of reflection
HPRegen  0.11/turn              (no ring)
MPRegen  0.08/turn              (no ring)

@: no status effects
A: no striking features
a: Renounce Religion, Berserk


You were on level 2 of the Dungeon.
You worshipped Trog.
Trog was aware of your devotion.
You visited 1 branch of the dungeon, and saw 2 of its levels.

You collected 6 gold pieces.

Inventory:

Hand Weapons
 a - a +0 hand axe (weapon)
Missiles
 i - 15 poisoned darts (quivered)
 k - 25 stones
Armour
 b - a +0 animal skin
 e - a +0 cloak (worn)
 h - a +0 ring mail (worn)
Jewellery
 c - an amulet of reflection (around neck)
Scrolls
 d - 2 scrolls of amnesia {unknown}
 f - 3 scrolls of teleportation {unknown}
 j - a scroll of identify {unknown}
 l - a scroll of immolation {unknown}
Potions
 g - 2 potions of attraction {unknown}


   Skills:
 + Level 4.1 Fighting
 + Level 4.7 Axes
 + Level 2.5 Armour
 + Level 1.7 Dodging
 + Level 0.3 Shields


You had 2 spell levels left.
You didn't know any spells.
Your spell library was empty.

Dungeon Overview and Level Annotations

Branches:
Dungeon (2/15)

Altars:

Shops:
D:1 ?

Annotations:
D:2 Sigmund


Message History

The endoplasm freezes you.
You are frozen.
Something hits you but does no damage.
You feel less confused. The endoplasm barely misses you.
You hit the endoplasm.
The endoplasm is lightly wounded.
You block the endoplasm's attack.
You hit the endoplasm.
You kill the endoplasm!
Trog accepts your kill. Something hits you! The rat barely misses you.
Something hits you. The rat bites you but does no damage.
The rat bites you but does no damage.
You hit the rat.
You kill the rat!
Trog accepts your kill. Something hits you.
You see here a rat corpse.
Something hits you but does no damage.
You see here a rat corpse.
You barely miss the worm. You miss something.
The worm bites you but does no damage.
You barely miss the worm. You closely miss something.
Something hits you but does no damage. You block the worm's attack.
You slash the worm!
The worm is moderately wounded.
You miss something. Something hits you.
You hit the worm.
The worm is heavily wounded.
You hit something. The worm bites you!
* * * LOW HITPOINT WARNING * * *
Something hits you.
* * * LOW HITPOINT WARNING * * *
You hit the worm.
The worm is severely wounded.
You barely miss something. The worm closely misses you.
You hit the worm.
The worm is almost dead.
You barely miss something. Something hits you.
You die...

#.### #.#.. #.#.# #.#.#
#... .# #####....
....###.#
........####...PPP.#
#..........#.#P≈P≈# #
#..........#...≈≈.# #
##.###.@###.#.#P♣≈P# #
#......w{[..#..≈P≈P#####
....[......†...≈≈≈.≈.#.≈
#..........)##.≈≈≈≈≈≈≈†≈
##.###[.....##..≈≈♣≈≈.≈≈
#..........##..P≈♣≈≈≈≈≈
........[..##...≈♣♣♣≈♣♣
..###..###......P≈♣≈♣≈≈
# ..... .......PP♣≈♣≈≈


You could see a worm.

Vanquished Creatures
  An adder (D:2)
  2 ball pythons
  3 bats
  An endoplasm (D:2)
  A giant cockroach (D:1)
  A goblin (D:2)
  2 hobgoblins (D:1)
  2 kobolds (D:1)
  3 frilled lizards
  2 rats (D:2)
18 creatures vanquished.

Vanquished Creatures (others)
  22 plants (D:2)
22 creatures vanquished.

Grand Total: 40 creatures vanquished

Notes
Turn   | Place    | Note
-------+----------+-------------------------------------------
     0 | D:1      | jessy the Hill Orc Berserker began the quest for the Orb.
     0 | D:1      | Reached XP level 1. HP: 19/19 MP: 1/1
   390 | D:1      | Reached XP level 2. HP: 24/27 MP: 2/2
   421 | D:1      | Found Gecead's Magic Scroll Emporium.
   821 | D:2      | Noticed Sigmund
   823 | D:2      | Reached XP level 3. HP: 33/33 MP: 3/3
   848 | D:2      | Slain by Sigmund

Illustrated notes

Levels and vault maps discovered:
D:1:      denvon_arrival_waterhouse, layout_rooms, serial_shops, shop_statue,
          minmay_misc_feat_roman
D:2:      layout_loops_ring, hellmonk_ecumenical_altar_lost_god,
          serial_bayou_lagoon_a, uniq_sigmund

Skill      XL: |  1  2 |
---------------+-------+-----
Fighting       | 4 |  4.1
Axes           | |  4.7
Armour         | |  2.5
Dodging        | |  1.7
Shields        | |  0.3

Action                   || total
-------------------------++-------
Melee: Hand axe          ||    82
Armor: Animal skin       ||    18
       Ring mail         ||    25
Dodge: Dodged            ||    60
Block: Other             ||    16
       Reflection        ||     1
